Map: Ujari

Players

Barabbas - Winner!

  • Race: Protoss Protoss
  • Spawn Location: 9:00

Kurgan - Winner!

  • Race: Terran Terran
  • Spawn Location: 0:00

Grunthos - Winner!

  • Race: Zerg Zerg
  • Spawn Location: 9:00

TimeTwist

  • Race: Terran Terran
  • Spawn Location: 3:00

dallaskuken

  • Race: Protoss Protoss
  • League: Platinum
  • Spawn Location: 0:00

Loken

  • Race: Zerg Zerg
  • League: Platinum
  • Spawn Location: 3:00

VOD

Have the link to the VOD?

Description

Time

  • Played on: March 15, 2017, 6:33 p.m.
  • Length: 11:10
Show
View Real Time Build Order
Export as new Build Order

Barabbas Protoss - Winner!

Build Orders: Mass Adepts 

Get SALT Encoding   

  12  0:01  Probe (Chrono Boost)  
  13  0:11  Probe (Chrono Boost)  
  14  0:23  Pylon  
  14  0:25  Probe (Chrono Boost)  
  15  0:41  Gateway, Probe (Chrono Boost)  
  16  0:46  Assimilator  
  16  0:51  Probe (Chrono Boost)  
  17  1:07  Gateway, Probe (Chrono Boost)  
  18  1:16  Pylon  
  18  1:17  Probe (Chrono Boost)  
  19  1:21  Assimilator  
  19  1:33  Cybernetics Core  
  19  1:36  Probe (Chrono Boost)  
  19  1:39  Zealot  
  23  1:47  Probe (Chrono Boost)  
  26  2:01  Probe (Chrono Boost)  
  26  2:14  Adept  
  26  2:15  Mothership Core (Chrono Boost)  
  26  2:17  Adept  
  30  2:31  Pylon  
  30  2:35  Probe (Chrono Boost)  
  31  2:46  Adept  
  31  2:49  Adept  
  34  3:09  Adept  
  34  3:11  Probe (Chrono Boost)  
  35  3:16  Adept  
  39  3:39  Pylon  
  39  3:43  Adept  
  39  3:48  Adept  
  38  4:04  Probe (Chrono Boost)  
  38  4:06  Adept  
  38  4:08  Pylon  
  38  4:15  Adept  
  42  4:24  Nexus  
  42  4:30  Adept  
  42  4:42  Adept  
  44  4:53  Adept  
  44  4:56  Probe (Chrono Boost)  
  45  5:00  Pylon  
  45  5:03  Pylon  
  45  5:09  Adept  
  47  5:17  Adept  
  43  5:28  Stargate  
  43  5:31  Twilight Council  
  43  5:36  Stalker, Gateway  
  43  5:40  Stalker  
  43  5:41  Probe (Chrono Boost)  
  43  5:42  Probe (Chrono Boost)  
  49  5:59  Blink  
  47  6:06  Stalker x2  
  47  6:10  Forge  
  51  6:22  Assimilator  
  52  6:27  Probe (Chrono Boost)  
  52  6:28  Assimilator  
  52  6:35  Stalker  
  52  6:38  Probe (Chrono Boost)  
  52  6:39  Probe (Chrono Boost)  
  56  6:50  Probe (Chrono Boost)  
  57  7:00  Stalker  
  57  7:03  Stalker  
  57  7:05  Stalker  
  57  7:08  Probe x2 (Chrono Boost)  
  61  7:26  Protoss Ground Weapons Level 1  
  61  7:29  Stalker  
  61  7:35  Probe (Chrono Boost)  
  65  7:45  Probe (Chrono Boost)  
  65  7:48  Photon Cannon  
  65  7:50  Photon Cannon  
  65  7:52  Warp Gate  
  65  7:54  Pylon  
  65  7:56  Photon Cannon  
  67  7:59  Probe x2 (Chrono Boost)  
  67  8:11  Nexus  
  67  8:15  Photon Cannon  
  67  8:17  Probe (Chrono Boost)  
  68  8:22  Probe (Chrono Boost)  
  69  8:29  Probe (Chrono Boost)  
  69  8:30  Stalker  
  69  8:32  Stalker  
  75  8:34  Probe (Chrono Boost)  
  75  8:38  Pylon  
  75  8:45  Probe (Chrono Boost)  
  75  8:46  Probe (Chrono Boost)  
  77  9:03  Photon Cannon  
  75  9:17  Probe x2 (Chrono Boost)  
  77  9:20  Photon Cannon  
  77  9:23  Photon Cannon  
  77  9:25  Stalker x2  
  77  9:28  Probe (Chrono Boost)  
  77  9:29  Probe x2 (Chrono Boost)  
  84  9:39  Probe (Chrono Boost)  
  84  9:40  Stalker  
  84  9:41  Probe x2 (Chrono Boost)  
  89  9:51  Probe (Chrono Boost)  
  91  9:53  Probe (Chrono Boost)  
  91  9:55  Stalker x2, Probe (Chrono Boost)  
  96  10:02  Probe (Chrono Boost)  
  97  10:08  Pylon  
  97  10:10  Stalker  
  97  10:11  Assimilator  
  99  10:16  Assimilator  
  99  10:25  Stalker  
Show
View Real Time Build Order
Export as new Build Order

Kurgan Terran - Winner!

Build Orders:  

Get SALT Encoding   

  12  0:01  SCV  
  13  0:13  SCV  
  14  0:23  Supply Depot  
  14  0:25  SCV  
  15  0:31  Refinery  
  15  0:45  SCV  
  15  0:47  Barracks  
  16  0:57  SCV  
  17  1:04  Barracks  
  17  1:09  SCV  
  18  1:25  Barracks  
  18  1:27  SCV  
  19  1:34  Reaper  
  19  1:39  SCV  
  21  1:46  Refinery  
  21  1:51  SCV, Reaper  
  23  2:08  Barracks  
  23  2:26  Supply Depot  
  23  2:47  SCV, Reaper x3  
  26  3:04  Reaper  
  26  3:19  Marine  
  27  3:29  Command Center  
  27  4:04  Orbital Command  
  25  4:22  Reaper x3  
  27  4:33  Reaper  
  28  4:44  SCV  
  29  4:49  SCV  
  29  4:54  Reaper x3  
  29  4:56  SCV  
  33  5:01  SCV  
  28  5:56  Engineering Bay  
  28  5:57  Factory  
  28  5:59  Engineering Bay  
  28  6:00  Barracks Tech Lab  
  28  6:01  Barracks Tech Lab  
  28  6:03  Barracks Reactor  
  28  6:04  Barracks Reactor  
  28  6:05  SCV  
  28  6:06  SCV  
  30  6:17  SCV  
  32  6:18  SCV  
  32  6:29  SCV  
  32  6:30  SCV  
  34  6:33  Supply Depot  
  34  6:34  Supply Depot x3  
  34  6:36  Supply Depot x2  
  34  6:41  SCV  
  34  6:42  SCV  
  35  6:57  Marine  
  35  6:58  Marine x3  
  35  6:59  Marauder x2  
  43  7:04  Terran Infantry Weapons Level 1  
  43  7:15  Marine x2  
  43  7:20  Marauder  
  47  7:32  Marauder, Marine x2  
  47  7:33  Marine  
  52  7:41  Marauder, SCV  
  52  7:42  SCV  
  56  7:46  Terran Infantry Armor Level 1  
  56  7:53  SCV  
  56  7:54  Marauder  
  59  7:58  Orbital Command  
  59  8:01  Factory Reactor  
  59  8:03  Marauder  
  59  8:05  Marine x3  
  62  8:06  Marine  
  62  8:12  SCV  
  66  8:15  Marauder  
  66  8:17  Refinery  
  66  8:18  Refinery  
  68  8:24  Marauder, SCV  
  68  8:25  Missile Turret  
  71  8:32  Marine x4  
  75  8:36  Marine  
  71  8:52  Marine x3  
  71  8:53  Marauder  
  76  9:14  Marine  
  76  9:15  Marauder x2, Marine x3  
  82  9:37  Marauder x2  
  84  9:55  Marine  
  84  9:56  Marine x2  
  84  9:58  Marauder x2  
  89  10:10  Starport  
  89  10:12  SCV  
  90  10:19  Marauder  
  92  10:24  SCV  
Show
View Real Time Build Order
Export as new Build Order

Grunthos Zerg - Winner!

Build Orders: Pool First 

Get SALT Encoding   

  12  0:01  Drone  
  13  0:08  Drone  
  14  0:23  Overlord  
  14  0:30  Extractor  
  14  0:31  Drone  
  14  0:44  Spawning Pool  
  14  0:48  Drone x2  
  15  0:56  Drone  
  16  1:02  Drone  
  17  1:11  Drone  
  18  1:21  Overlord  
  18  1:31  Drone  
  19  1:35  Queen  
  19  1:37  Metabolic Boost  
  21  1:43  Zergling x2  
  22  1:53  Zergling x2  
  23  2:07  Hatchery  
  22  2:12  Zergling x2  
  23  2:17  Zergling x2  
  23  2:22  Queen  
  24  2:28  Zergling x2  
  27  2:38  Zergling x2  
  28  2:46  Zergling x2  
  28  2:47  Zergling x2  
  28  3:10  Zergling x4  
  29  3:19  Drone x3  
  33  3:20  Drone x2  
  30  3:44  Zergling x8  
  33  3:50  Drone x3  
  36  3:56  Evolution Chamber  
  36  3:57  Evolution Chamber  
  36  4:01  Roach Warren  
  36  4:02  Zergling x6, Extractor  
  33  4:17  Zergling x4  
  35  4:27  Zergling x2  
  35  4:28  Overlord x2  
  35  4:43  Drone  
  36  4:52  Roach x2  
  40  5:04  Drone x2  
  40  5:05  Drone x7  
  49  5:27  Roach  
  49  5:28  Overlord x3  
  50  5:33  Spore Crawler  
  49  5:35  Spine Crawler  
  49  5:38  Spore Crawler  
  49  5:41  Spine Crawler  
  49  5:42  Zerg Missile Weapons Level 1  
  46  5:43  Zerg Ground Armor Level 1  
  46  5:55  Drone x6  
  52  6:00  Lair  
  52  6:01  Zergling x2  
  52  6:02  Zergling x2  
  54  6:10  Zergling x6  
  57  6:13  Roach  
  59  6:21  Zergling x2  
  59  6:22  Zergling x2  
  59  6:23  Baneling Nest  
  50  6:47  Drone x4  
  50  6:48  Drone x5  
  53  6:59  Drone x7  
  57  7:09  Extractor x2  
  57  7:10  Zergling x4  
  57  7:15  Glial Reconstitution  
  57  7:32  Zergling x12  
  57  7:35  Queen  
  57  7:37  Queen  
  67  7:47  Zerg Missile Weapons Level 2  
  67  7:48  Zerg Ground Armor Level 2  
  67  7:49  Roach  
  69  8:04  Hatchery  
  68  8:08  Zergling x8  
  68  8:09  Zergling x8  
  76  8:21  Hydralisk Den  
  76  8:23  Infestation Pit  
  76  8:24  Overseer  
  76  8:26  Overseer  
  74  8:31  Pneumatized Carapace  
  74  8:39  Roach  
  76  8:46  Extractor x2  
  74  8:51  Hydralisk  
  76  9:07  Overlord x6  
  76  9:13  Hatchery  
  75  9:18  Roach x3  
  81  9:27  Hive  
  81  9:30  Tunneling Claws  
  81  9:42  Roach x6  
  93  9:53  Hydralisk x2  
  93  9:54  Hydralisk  
  93  9:59  Hydralisk  
  101  10:07  Hydralisk  
  101  10:08  Hydralisk  
  99  10:29  Hydralisk x2  
  99  10:30  Hydralisk x3  
Show
View Real Time Build Order
Export as new Build Order

TimeTwist Terran 

Build Orders: Reaper Expand 

Get SALT Encoding   

  12  0:01  SCV  
  13  0:13  SCV  
  14  0:25  Supply Depot  
  14  0:26  SCV  
  15  0:46  SCV  
  15  0:48  Barracks  
  16  0:58  SCV, Refinery  
  17  1:10  SCV  
  18  1:22  SCV  
  19  1:32  Supply Depot  
  19  1:35  Orbital Command  
  19  1:42  Reaper  
  20  1:50  Refinery  
  20  2:00  Command Center  
  20  2:04  SCV  
  21  2:18  Factory  
  21  2:21  SCV  
  22  2:25  Marine  
  23  2:33  SCV  
  24  2:45  SCV  
  25  2:54  Marine  
  25  2:58  SCV  
  26  3:11  Marine  
  27  3:13  Widow Mine  
  27  3:14  Starport  
  27  3:15  Orbital Command  
  29  3:25  Barracks  
  29  3:28  SCV  
  29  3:30  Barracks  
  30  3:41  SCV  
  31  3:44  Marine  
  32  3:52  Widow Mine  
  32  3:53  Medivac  
  34  4:02  Marine  
  34  4:06  Orbital Command  
  33  4:17  Marine  
  33  4:18  Marine  
  33  4:20  Marine  
  33  4:21  Widow Mine  
  38  4:35  Marine x2  
  38  4:48  Barracks Tech Lab  
  36  4:53  Marine  
  36  5:00  Cyclone  
  36  5:03  Starport Tech Lab  
  36  5:04  SCV  
  40  5:08  Marauder  
  40  5:09  Barracks Tech Lab  
  40  5:12  Concussive Shells  
  42  5:16  SCV  
  45  5:28  Marauder, Marine  
  46  5:39  Engineering Bay  
  46  5:41  Marauder  
  46  5:42  Supply Depot  
  46  5:45  Supply Depot  
  46  5:46  Marine  
  45  5:57  Starport Reactor  
  45  6:04  Marauder x2, Marine  
  50  6:15  Cyclone  
  50  6:17  SCV x2  
  55  6:21  Missile Turret  
  55  6:23  Missile Turret  
  55  6:25  Marine  
  56  6:29  Orbital Command, SCV  
  53  6:41  SCV  
  41  6:53  SCV  
  41  7:05  SCV  
  41  7:06  Missile Turret  
  42  7:10  Marauder  
  42  7:11  Marauder, Marine, Medivac  
  42  7:12  Medivac  
  51  7:17  Barracks  
  51  7:18  SCV  
  51  7:20  Barracks  
  52  7:24  SCV  
  52  7:28  Marine  
  52  7:30  SCV  
  52  7:36  SCV  
  54  7:37  Missile Turret  
  54  7:45  Marauder x2  
  54  7:46  Marine  
  54  7:49  SCV x2  
  61  7:55  Combat Shields  
  61  7:58  Stimpack  
  61  8:01  SCV  
  62  8:23  Supply Depot  
  62  8:28  Supply Depot  
  62  8:29  Refinery  
  62  8:31  Supply Depot  
  62  8:34  Refinery  
  62  8:44  SCV x2, Marine, Siege Tank  
  62  8:45  Marauder  
  70  8:49  Marine x2  
  70  8:50  Marauder  
  74  8:57  SCV x2  
  74  9:02  Marine  
  77  9:07  Marine  
  78  9:13  Marauder x2, Marine  
  78  9:15  Medivac x2  
  77  9:17  Siege Tank  
  77  9:19  SCV x2  
  77  9:20  Marine  
  83  9:25  Marine  
  83  9:31  Marine  
  85  9:34  Marine  
  86  9:39  Supply Depot  
  86  9:41  Supply Depot  
  86  9:56  Marine x2  
  86  9:57  Supply Depot  
  86  10:00  Marine x2, Supply Depot, Siege Tank  
  86  10:04  Marauder  
  91  10:14  Marine x2  
  93  10:18  Marine  
  93  10:19  Marauder  
  88  10:31  Marauder, Marine  
  88  10:32  Marine  
  76  10:36  Marine  
  76  10:40  Marauder  
  71  10:49  Marine x2  
Show
View Real Time Build Order
Export as new Build Order

dallaskuken Protoss 

Build Orders:  

Get SALT Encoding   

  12  0:02  Probe (Chrono Boost)  
  13  0:21  Pylon  
  13  0:23  Probe (Chrono Boost)  
  14  0:34  Probe (Chrono Boost)  
  15  0:44  Probe (Chrono Boost)  
  16  0:52  Gateway  
  16  0:59  Probe (Chrono Boost)  
  17  1:10  Probe (Chrono Boost)  
  18  1:20  Probe (Chrono Boost)  
  19  1:29  Gateway  
  19  1:31  Probe (Chrono Boost)  
  20  1:39  Cybernetics Core  
  20  1:41  Pylon, Probe (Chrono Boost)  
  20  1:44  Assimilator  
  21  1:50  Zealot  
  23  1:59  Probe (Chrono Boost)  
  24  2:09  Assimilator, Probe (Chrono Boost)  
  25  2:16  Pylon  
  25  2:20  Probe (Chrono Boost)  
  26  2:26  Warp Gate  
  26  2:31  Probe (Chrono Boost)  
  26  2:35  Zealot x2  
  31  2:41  Probe (Chrono Boost)  
  32  2:52  Probe (Chrono Boost)  
  33  3:03  Probe (Chrono Boost)  
  34  3:12  Stargate  
  34  3:13  Probe (Chrono Boost)  
  34  3:14  Stalker  
  37  3:20  Zealot  
  39  3:37  Pylon  
  39  3:44  Mothership Core (Chrono Boost)  
  39  3:52  Stalker  
  35  3:58  Pylon  
  33  4:03  Stalker  
  35  4:15  Phoenix  
  37  4:31  Adept  
  39  5:00  Stalker  
  39  5:19  Stalker  
  37  5:29  Probe (Chrono Boost)  
  37  5:32  Phoenix  
  39  5:41  Probe (Chrono Boost)  
  40  5:44  Forge  
  40  5:46  Pylon  
  40  5:53  Probe (Chrono Boost)  
  40  5:55  Phoenix  
  44  6:05  Probe (Chrono Boost)  
  44  6:11  Nexus  
  44  6:15  Stalker x2  
  44  6:17  Phoenix  
  48  6:23  Pylon  
  48  6:25  Pylon  
  50  6:59  Stalker  
  50  7:00  Stalker  
  54  7:25  Void Ray  
  54  7:28  Probe (Chrono Boost)  
  59  7:41  Probe x2 (Chrono Boost)  
  61  7:52  Probe (Chrono Boost)  
  61  7:53  Pylon  
  61  7:54  Assimilator  
  61  7:58  Pylon  
  62  8:02  Probe (Chrono Boost), Void Ray  
  68  8:13  Probe (Chrono Boost)  
  68  8:23  Probe (Chrono Boost)  
  69  8:39  Void Ray  
  71  10:01  Stalker x2  
  75  10:15  Probe (Chrono Boost)  
  76  10:26  Probe (Chrono Boost)  
  73  10:36  Probe (Chrono Boost)  
  62  10:47  Probe (Chrono Boost)  
Show
View Real Time Build Order
Export as new Build Order

Loken Zerg 

Build Orders: Hatch First 

Get SALT Encoding   

  12  0:01  Drone  
  13  0:13  Overlord  
  13  0:20  Drone  
  14  0:35  Drone x2  
  16  0:36  Drone  
  17  0:46  Drone  
  18  1:03  Drone  
  19  1:04  Hatchery  
  18  1:18  Spawning Pool  
  17  1:21  Extractor  
  17  1:25  Drone x2  
  18  1:33  Drone  
  19  1:41  Drone  
  20  1:50  Overlord  
  20  2:04  Queen  
  22  2:16  Queen  
  22  2:20  Drone x2  
  22  2:21  Drone  
  27  2:29  Metabolic Boost, Roach Warren  
  26  2:32  Drone  
  26  2:33  Drone  
  28  2:38  Spine Crawler  
  28  2:40  Drone  
  28  2:51  Drone x2  
  28  2:52  Drone  
  27  3:10  Zergling x2  
  27  3:11  Queen, Zergling x6  
  30  3:18  Zergling x4  
  26  3:42  Roach  
  26  3:43  Roach x3  
  30  4:11  Drone x6  
  23  4:42  Drone x4  
  23  4:43  Drone x3  
  26  5:04  Roach x5  
  24  5:18  Roach x2  
  26  5:32  Roach  
  28  5:36  Lair  
  26  5:46  Drone  
  27  5:52  Drone  
  28  6:14  Drone x2  
  30  6:26  Spore Crawler  
  30  6:31  Spore Crawler  
  28  6:48  Overlord  
  28  6:49  Overlord  
  28  6:56  Hatchery  
  28  7:01  Queen  
  15  7:28  Drone x2  
  17  7:43  Drone  
  18  8:01  Drone  
  19  8:15  Drone  
  20  8:25  Drone  
  21  8:36  Drone  
  22  8:43  Drone  
  23  8:52  Drone  
  24  9:00  Drone  
  25  9:05  Drone  
  26  9:10  Drone  
  27  9:20  Drone x2  
  29  9:28  Drone  
  30  9:39  Drone  
  30  9:42  Drone  
  30  9:43  Drone x2  
  34  9:57  Drone  
  34  9:58  Drone x4  
  39  10:15  Queen  
  39  10:17  Queen  
  39  10:55  Ravager x2  
Tags
 
Add a new tag
Caveats
  • Supply blocks, unpowered buildings, or Contaminate may cause inaccurate times.
  • Supply counts are checked every 10 seconds.